Map: Magannatha LE

Players

GABEN

  • Race: Terran Terran
  • League: Master
  • Spawn Location: 11:00

ManlyManMeat - Winner!

  • Race: Zerg Zerg
  • League: Diamond
  • Spawn Location: 5:00

VOD

Have the link to the VOD?

Description

Time

  • Played on: July 2, 2025, 12:24 p.m.
  • Length: 13:56
Show
View Real Time Build Order
Export as new Build Order

GABEN Terran 

Build Orders: 2 Factory, Reaper Expand 

Get SALT Encoding   

  12  0:01  SCV  
  13  0:13  SCV  
  14  0:18  Supply Depot  
  14  0:25  SCV  
  15  0:39  SCV  
  15  0:42  Barracks  
  16  0:47  Refinery  
  16  0:51  SCV  
  17  1:04  SCV  
  18  1:16  SCV  
  19  1:32  Command Center  
  19  1:38  Reaper  
  19  1:39  Supply Depot  
  20  1:44  SCV  
  20  1:56  Refinery, SCV  
  21  2:11  Factory  
  21  2:21  Orbital Command  
  21  2:23  Barracks Reactor  
  21  2:52  Orbital Command  
  21  2:54  SCV  
  22  2:59  Factory  
  21  3:06  SCV  
  21  3:08  Hellion x2  
  26  3:18  SCV  
  27  3:20  SCV  
  27  3:24  Starport  
  28  3:27  Engineering Bay  
  28  3:37  Hellion x2  
  32  3:42  SCV x2  
  32  3:46  Factory Tech Lab  
  34  3:54  Marine  
  35  4:00  Factory  
  35  4:03  Viking  
  37  4:12  Marine  
  38  4:21  SCV x2  
  40  4:33  SCV x2  
  40  4:35  Cyclone  
  40  4:38  Infernal Pre-Igniter  
  45  4:45  Factory  
  45  4:49  Factory Tech Lab  
  45  4:51  Refinery  
  45  4:52  Refinery  
  45  4:54  SCV  
  45  4:58  Supply Depot  
  46  5:02  Armory  
  46  5:19  SCV x2  
  46  5:20  Hellion x2  
  52  5:29  Factory Tech Lab  
  52  5:31  SCV x2  
  54  5:45  Command Center  
  52  5:57  SCV  
  52  5:58  SCV  
  54  6:15  Supply Depot x2, Terran Vehicle Weapons Level 1  
  54  6:36  Cyclone x2, SCV x2  
  54  6:37  Cyclone, Hellion x2  
  67  6:49  SCV  
  60  6:58  Hellion x2  
  51  7:15  SCV x2  
  53  7:17  Orbital Command  
  51  7:27  SCV x2  
  53  7:32  Cyclone x3  
  53  7:33  Hellion x2  
  66  7:39  SCV x2  
  68  7:52  SCV x2  
  68  7:54  Hellion  
  72  8:06  Cyclone x2, Orbital Command  
  72  8:07  Hellion x2  
  72  8:12  SCV x2  
  84  8:24  SCV  
  85  8:29  SCV  
  85  8:30  Hellion  
  75  8:36  Hellion x2, SCV  
  75  8:39  Hellion  
  67  8:49  Hellion  
  67  8:55  Command Center  
  69  8:59  Hellion  
  69  9:01  Orbital Command  
  56  9:04  Hellion x2  
  56  9:25  SCV  
  57  9:35  Hellion  
  57  9:37  SCV  
  60  9:38  SCV  
  61  9:46  Refinery  
  61  9:49  SCV  
  61  9:50  SCV  
  63  10:01  SCV  
  63  10:06  Hellion x3  
  63  10:07  Hellion  
  71  10:10  Orbital Command  
  71  10:13  SCV  
  50  10:28  Hellion  
  23  11:04  Hellion x2  
  19  11:10  SCV  
  20  11:22  Hellion x2, SCV  
  20  11:23  Hellion  
  21  11:49  Hellion, Orbital Command  
  21  11:50  Hellion  
  25  11:56  SCV  
  26  12:07  Orbital Command  
  19  12:23  SCV  
  20  12:34  SCV  
  20  12:35  SCV  
  22  12:45  SCV  
  22  12:46  SCV  
  20  13:05  SCV  
  10  13:17  SCV  
Show
View Real Time Build Order
Export as new Build Order

ManlyManMeat Zerg - Winner!

Build Orders: Hatch First 

Get SALT Encoding   

  12  0:00  Drone  
  13  0:07  Drone  
  14  0:15  Drone, Extractor  
  15  0:21  Overlord  
  15  0:41  Drone  
  16  0:50  Drone, Hatchery  
  16  0:54  Drone  
  17  0:58  Drone  
  18  1:12  Extractor  
  18  1:14  Spawning Pool  
  18  1:17  Drone  
  17  1:20  Drone  
  18  1:30  Drone  
  19  1:37  Drone  
  20  2:01  Queen x2  
  20  2:03  Zergling x4  
  26  2:09  Overlord  
  26  2:13  Drone  
  26  2:14  Drone  
  28  2:23  Metabolic Boost  
  28  2:28  Drone x2  
  31  2:37  Drone x2  
  31  2:43  Queen  
  33  2:54  Drone x3  
  36  3:04  Overlord  
  36  3:05  Overlord  
  36  3:12  Hatchery  
  36  3:19  Drone, Overlord  
  35  3:35  Drone x3  
  35  3:36  Drone x2  
  35  3:38  Queen  
  42  3:45  Zergling x2  
  43  3:57  Drone x3  
  43  3:58  Extractor  
  43  4:02  Queen  
  48  4:24  Zergling x12  
  52  4:37  Overlord x2  
  52  4:38  Overlord  
  52  4:39  Drone  
  52  4:40  Drone, Queen  
  56  4:50  Overlord x3  
  56  4:55  Queen  
  56  4:56  Zergling x2  
  56  4:57  Zergling x2  
  56  4:59  Baneling Nest, Lair  
  59  5:00  Drone x2  
  59  5:01  Drone x2  
  59  5:02  Drone x2  
  59  5:04  Evolution Chamber  
  64  5:14  Zergling x6  
  66  5:30  Drone x5  
  66  5:31  Drone x2  
  66  5:32  Zerg Melee Weapons Level 1  
  66  5:35  Drone x2  
  75  5:38  Evolution Chamber, Extractor  
  73  6:07  Hatchery  
  73  6:09  Drone x3  
  73  6:10  Zergling x16  
  73  6:11  Baneling x9  
  83  6:15  Drone x3  
  86  6:19  Hatchery  
  86  6:25  Spore Crawler x2  
  84  6:28  Spore Crawler  
  84  6:29  Zergling x8  
  86  6:34  Queen  
  86  6:35  Queen  
  86  6:38  Zergling x2  
  86  6:39  Zergling x12  
  82  7:13  Zergling x8  
  82  7:14  Zergling x14, Overlord x3  
  93  7:17  Zergling x8  
  93  7:21  Zerg Ground Armor Level 1  
  93  7:22  Centrifugal Hooks  
  97  7:25  Hatchery  
  96  7:37  Zerg Melee Weapons Level 2  
  96  7:48  Zergling x12  
  96  7:49  Zergling x16  
  106  7:58  Zergling x4  
  101  8:07  Infestation Pit  
  97  8:33  Zergling x20  
  96  8:38  Zergling x10  
  96  8:39  Zergling x6  
  95  8:50  Queen  
  87  9:15  Queen  
  89  9:25  Zergling x32  
  99  9:38  Baneling x13  
  99  9:40  Baneling x11  
  99  9:41  Zergling x20  
  109  9:47  Zergling x2  
  109  9:48  Zergling x6  
  76  10:21  Zergling x2  
  76  10:22  Zergling x24  
  76  10:26  Zergling x2  
  89  10:35  Zergling x2, Baneling x4  
  89  10:36  Zergling x14  
  89  10:39  Baneling x6  
  89  10:40  Baneling x3  
  89  10:41  Baneling x5  
  70  10:57  Zergling x12  
  73  11:10  Baneling x3  
  73  11:11  Baneling x4  
  73  11:31  Zergling x26  
  73  11:32  Zergling x10  
  90  11:51  Zergling x12  
  82  12:21  Infestor x3  
  87  12:24  Drone x2, Roach Warren  
  87  12:25  Drone  
  88  12:34  Zergling x8  
  88  12:35  Zergling x16  
  100  12:43  Baneling x6  
  83  13:07  Zergling x2  
  83  13:08  Zergling x30  
Tags
 
Add a new tag
Caveats
  • Supply blocks, unpowered buildings, or Contaminate may cause inaccurate times.
  • Supply counts are checked every 10 seconds.